 Dungeon Crawl Stone Soup version 0.26.1 (webtiles) character file.

Game seed: 1938815193414235752

2997 teolandon225 the Covert (level 9, -1/39 HPs)
             Began as a Spriggan Enchanter on Feb 4, 2021.
             Was a Believer of Dithmenos.
             Slain by a very large slime creature (40 damage)
             ... on level 8 of the Dungeon.
             The game lasted 00:23:31 (14941 turns).

teolandon225 the Covert (Spriggan Enchanter)       Turns: 14941, Time: 00:23:31

Health: -1/39      AC:  4    Str:  4    XL:     9   Next: 54%
Magic:  3/14       EV: 24    Int: 20    God:    Dithmenos [**....]
Gold:   538        SH:  0    Dex: 16    Spells: 2/13 levels left

rFire    . . .     SeeInvis +   y - +2 dagger (venom)
rCold    . . .     Faith    .   (shield restricted)
rNeg     . . .     Spirit   .   b - +1 robe
rPois    .         Reflect  .   (helmet restricted)
rElec    .         Harm     .   t - +0 cloak
rCorr    .         Rampage  .   (gloves unavailable)
Will     +....                  (boots unavailable)
Stlth    +++++++...             (no amulet)
HPRegen  0.13/turn              w - ring of flight
MPRegen  0.14/turn              (no ring)

@: very slightly contaminated, wreathed by umbra, very quick
A: very small, unfitting armour, see invisible, speed 3
a: Renounce Religion, Evoke Flight, Shadow Step


You were on level 8 of the Dungeon.
You worshipped Dithmenos.
Dithmenos was pleased with you.
You visited 2 branches of the dungeon, and saw 9 of its levels.

You collected 538 gold pieces.

Inventory:

Hand Weapons
 a - a +1 dagger
 s - a +2 dagger of protection
 y - a +2 dagger of venom (weapon)
Missiles
 d - 64 sling bullets
Armour
 b - a +1 robe (worn)
 t - a +0 cloak (worn)
Jewellery
 e - an uncursed ring of ice
 w - a ring of flight (left hand)
Wands
 n - a wand of flame (12)
 o - a wand of iceblast (5)
 u - a wand of digging (4)
Scrolls
 c - 5 scrolls of remove curse
 f - 3 scrolls of random uselessness {unknown}
 l - a scroll of enchant armour
 m - a scroll of amnesia
 p - 2 scrolls of immolation {unknown}
 x - 5 scrolls of teleportation
 z - a scroll of identify
Potions
 g - 2 potions of curing {unknown}
 h - 4 potions of attraction {unknown}
 i - a potion of lignification {unknown}
 j - 2 potions of flight
 k - a potion of haste {unknown}
 q - 3 potions of might {unknown}
 r - a potion of brilliance {unknown}
 v - a potion of ambrosia {unknown}


   Skills:
 - Level 1.1 Short Blades
 + Level 9.0 Dodging
 * Level 13.2 Stealth
 - Level 2.6 Spellcasting
 * Level 10.6 Hexes


You had 2 spell levels left.
You knew the following spells:

 Your Spells              Type           Power        Failure   Level
e - Tukima's Dance        Hex            45%          1%          3
q - Ensorcelled Hibernat  Hex/Ice        48%          2%          2
r - Dazzling Flash        Conj/Hex       48%          4%          3
w - Confusing Touch       Hex            45%          1%          3

Your spell library contained the following spells:

 Spells                   Type           Power        Failure   Level
 Corona                   Hex            50%          1%          1
 Sting                    Tmut/Pois      8%           14%         1
 Poisonous Vapours        Pois/Air       4%           22%         2
 Ignite Poison            Fire/Tmut/Pois 2%           41%         3
 Mephitic Cloud           Conj/Pois/Air  2%           41%         3
 Olgreb's Toxic Radiance  Pois           2%           82%         4


Dungeon Overview and Level Annotations

Branches:
Dungeon (8/15)             Temple (1/1) D:5
   Lair: D:8-11

Altars:
Ashenzari
Cheibriados
Dithmenos
Elyvilon
Fedhas
Gozag
Kikubaaqudgha
Makhleb
Nemelex Xobeh
Okawaru
Qazlal
Ru
Sif Muna
Trog
Uskayaw
Vehumet
Wu Jian
Xom
Yredelemnul
Zin
The Shining One

Shops:
D:5 :

Annotations:
D:4 exclusion: 2 downstairs


Innate Abilities, Weirdness & Mutations

You are very small and have problems with some larger weapons.
You are too small for most types of armour.
You have supernaturally acute eyesight. (SInv)
You cover ground extremely quickly.


Message History

Aim: a very large slime creature (lightly wounded, 7% to evade)
The puff of flame hits the very large slime creature.
The very large slime creature is lightly wounded.
Casting: Ensorcelled Hibernation (safe; 2% risk of failure)
Confirm with . or Enter, or press ? or * to list all spells.
Aiming: Ensorcelled Hibernation (safe; 2% risk of failure)
Press: ? - help, Shift-Dir - straight line, f/p - very large slime creature
Aim: a very large slime creature (lightly wounded, umbra, chance to affect: 36%)
The very large slime creature easily resists.
Casting: Ensorcelled Hibernation (safe; 2% risk of failure)
Confirm with . or Enter, or press ? or * to list all spells.
Aiming: Ensorcelled Hibernation (safe; 2% risk of failure)
Press: ? - help, Shift-Dir - straight line, f/p - very large slime creature
Aim: a very large slime creature (lightly wounded, umbra, chance to affect: 36%)
You miscast Ensorcelled Hibernation.
You are very lightly contaminated with residual magic.
Nothing appears to happen.
The very large slime creature hits you!!!
Ouch! That really hurt!
You die...

#.#.........#
#.#.#########
#.#. #.## #o#
#.# #.# #.#
#.# #.# #o#
#.#########.#
#...@J.o.##.#
########.##.#
#.##o# #.o..#
#.#### ###


You could see a very large slime creature and an orc.

Vanquished Creatures
  Sigmund (D:6)
  Eustachio (D:5)
  A water moccasin (D:6)
  2 orc warriors
  A sky beast (D:5)
  An ice beast (D:8)
  An eye of draining (D:8)
  An ogre (D:6)
  4 centaurs
  2 bullfrogs
  A wyvern zombie (D:7)
  2 wights
  An electric eel (D:6)
  A bullfrog zombie (D:6)
  6 jellies
  7 orc priests
  2 bullfrog skeletons
  A gnoll shaman (D:7)
  An iguana (D:4)
  9 orc wizards
  Crazy Yiuf (D:6)
  Ijyb (D:4)
  Terence (D:3)
  8 worker ants
  2 hound zombies
  A hound skeleton (D:4)
  6 gnolls
  11 adders
  2 white imps (D:8)
  4 worms
  An adder skeleton (D:5)
  2 dart slugs (D:1)
  4 leopard geckos
  29 orcs
  10 giant cockroaches
  9 goblins
  8 hobgoblins
  4 jackals (D:5)
  4 quokkas
  2 ball pythons (D:3)
  8 bats
  7 frilled lizards
  6 kobolds
  2 leopard gecko skeletons (D:5)
  A leopard gecko zombie (D:5)
  5 rats
185 creatures vanquished.

Vanquished Creatures (collateral kills)
  A wight (D:7)
1 creature vanquished.

Vanquished Creatures (others)
  A dancing weapon (D:7)
  2 plants (D:1)
3 creatures vanquished.

Grand Total: 189 creatures vanquished

Notes
Turn   | Place    | Note
-------+----------+-------------------------------------------
     0 | D:1      | teolandon225 the Spriggan Enchanter began the quest for the
                  | Orb.
     0 | D:1      | Reached XP level 1. HP: 9/9 MP: 5/5
   722 | D:1      | Reached XP level 2. HP: 7/13 MP: 6/6
   725 | D:1      | Learned a level 2 spell: Ensorcelled Hibernation
  1043 | D:1      | Reached skill level 5 in Stealth
  2001 | D:1      | Reached XP level 3. HP: 16/16 MP: 2/8
  2005 | D:1      | Learned a level 3 spell: Confusing Touch
  2963 | D:2      | Reached XP level 4. HP: 21/21 MP: 6/9
  3383 | D:2      | Reached skill level 6 in Stealth
  3491 | D:2      | You fall into a shaft and drop 2 floors!
  4083 | D:4      | Reached skill level 5 in Hexes
  4231 | D:4      | Noticed Ijyb
  4447 | D:4      | Reached XP level 5. HP: 24/24 MP: 10/10
  4455 | D:4      | Learned a level 3 spell: Tukima's Dance
  4538 | D:4      | Reached skill level 7 in Stealth
  4885 | D:4      | Killed Ijyb
  5112 | D:5      | Entered Level 5 of the Dungeon
  5112 | D:5      | Noticed a centaur
  5225 | D:5      | Noticed a centaur
  5228 | D:5      | Killed a centaur
  5229 | D:5      | Reached skill level 5 in Dodging
  5229 | D:5      | Reached XP level 6. HP: 27/28 MP: 11/11
  5241 | D:5      | Found a staircase to the Ecumenical Temple.
  5241 | D:5      | You fall into a shaft and drop 1 floor!
  5297 | D:5      | Noticed Eustachio
  5372 | D:5      | Reached skill level 8 in Stealth
  5422 | Temple   | Entered the Ecumenical Temple
  5645 | Temple   | Became a worshipper of Dithmenos the Shadowed
  5863 | D:3      | Found a basalt altar of Yredelemnul.
  5935 | D:3      | Noticed Terence
  5944 | D:3      | Killed Terence
  6569 | D:5      | Reached XP level 7. HP: 32/32 MP: 7/12
  6775 | D:5      | Learned a level 3 spell: Dazzling Flash
  6850 | D:5      | Found Uqofryics's Book Boutique.
  7076 | D:5      | Killed Eustachio
  7077 | D:5      | Reached skill level 9 in Stealth
  7965 | D:5      | Found a sacrificial altar of Ru.
  8199 | D:6      | Reached * piety under Dithmenos
  8200 | D:6      | Reached skill level 10 in Stealth
  8349 | D:6      | Reached XP level 8. HP: 36/36 MP: 13/13
  9098 | D:6      | Noticed Sigmund
  9193 | D:6      | Reached skill level 11 in Stealth
 10480 | D:6      | Found a runed translucent door.
 10481 | D:6      | Noticed Crazy Yiuf
 10542 | D:6      | Killed Crazy Yiuf
 10815 | D:6      | Killed Sigmund
 11098 | D:6      | Reached skill level 12 in Stealth
 11098 | D:6      | Reached XP level 9. HP: 32/38 MP: 10/14
 11886 | D:7      | Identified the +8 longbow of Vuqys {speed, rPois}
 11962 | D:7      | Reached skill level 10 in Hexes
 12047 | D:7      | Reached ** piety under Dithmenos
 12381 | D:7      | Found a shimmering blue altar of Sif Muna.
 12386 | D:7      | Found a sparkling altar of Nemelex Xobeh.
 12389 | D:7      | Found a white marble altar of Elyvilon.
 12401 | D:7      | Found an opulent altar of Gozag.
 13771 | D:8      | Reached skill level 13 in Stealth
 14941 | D:8      | Slain by a very large slime creature

Illustrated notes

Levels and vault maps discovered:
D:1:      dpeg_arrival_circle_labyrinth_b, layout_basic, serial_bayou_crossing
D:2:      layout_loops_corners, nzn_hepliaklqana_mist_gate,
          guppyfry_early_orc_mine
D:3:      layout_rooms, lemuel_coloured_pillars_altar, hex_large, uniq_terence
D:4:      layout_loops_ring, kennysheep_generic_room_6, uniq_ijyb
D:5:      layout_layer_cave, lemuel_round_altar, minmay_temple_entry_fiery,
          serial_shops, shop, uniq_eustachio
D:6:      layout_basic, nicolae_lava_and_water, minmay_misc_feat_doors,
          serial_park_tiny_pond, uniq_sigmund, uniq_crazy_yiuf_cottage
D:7:      layout_cave_pools, grunt_temple_overflow_cloverleaf
D:8:      layout_basic, serial_shops, shop
Temple:   regret_index_temple_generic_petals

Skill      XL: |  1  2  3  4  5  6  7  8  9 |
---------------+----------------------------+-----
Hexes          | 4 5 6 8 9 10 | 10.6
Stealth        | 5 6 7 8 10 12 13 | 13.2
Dodging        | 4 5 6 8 9 |  9.0
Short Blades   | |  1.1
Spellcasting   | |  2.6

Action                   |  1- 3 |  4- 6 |  7- 9 || total
-------------------------+-------+-------+-------++-------
Melee: Dagger            |   109 |    91 |   312 ||   512
 Cast: Corona            |     5 |       |       ||     5
       Ensorcelled Hiber |    39 |    60 |   109 ||   208
       Confusing Touch   |       |     3 |    13 ||    16
       Tukima's Dance    |       |       |     3 ||     3
       Dazzling Flash    |       |       |     1 ||     1
Evoke: Wand              |       |       |     1 ||     1
  Use: Scroll            |       |     5 |     8 ||    13
       Potion            |       |       |     1 ||     1
 Stab: Sleeping          |    35 |    38 |    80 ||   153
       Confused          |       |     2 |    11 ||    13
Armor: Robe              |    13 |     4 |    27 ||    44
Dodge: Dodged            |    65 |    59 |   299 ||   423
